 Dungeon Crawl Stone Soup version 0.31-a0-44-g49d609d0da (webtiles) character file.

Game seed: 3080202135209496708

156926 pk666 the Sorcerer (level 17, -9/80 HPs)
             Began as a Deep Elf Fire Elementalist on May 21, 2023.
             Was a High Priest of Vehumet.
             Shot with an arrow by a deep elf master archer (24 damage)
             ... on level 3 of the Elven Halls.
             The game lasted 02:44:35 (42189 turns).

pk666 the Sorcerer (Deep Elf Fire Elementalist)    Turns: 42189, Time: 02:44:35

Health: -9/80      AC: 11    Str:  3    XL:     17   Next: 11%
Magic:  1/45       EV: 27    Int: 29    God:    Vehumet [*****.]
Gold:   1949       SH:  0    Dex: 15    Spells: 14/60 levels left

rFire   + + +        k - staff of fire
rCold   + + .        (no shield)
rNeg    . . .        H - +1 robe {rC+}
rPois   .            T - +2 hat "Kirejeasey" {SInv}
rElec   .            u - +0 cloak {rF+}
rCorr   .            l - +1 pair of gloves
SInv    +            S - +2 pair of boots
Will    +....        Z - amulet of the acrobat
Stlth   ++           m - ring of protection from cold
HPRegen 0.33/turn    p - +5 ring of evasion
MPRegen 0.29/turn

%: acrobat
@: about to teleport, on blink cooldown
A: fire resistance 1, passive freeze, weak 1
a: Renounce Religion


You were on level 3 of the Elven Halls.
You worshipped Vehumet.
Vehumet was extremely pleased with you.
You visited 4 branches of the dungeon, and saw 25 of its levels.
You visited the Abyss 1 time.
You also visited: Volcano.

You collected 2701 gold pieces.
You spent 752 gold pieces at shops.

Inventory:

Hand Weapons
 a - the +4 hand axe of the Vase {freeze, rElec rPois rC+ Stlth+}
   (You found it on level 6 of the Dungeon)

   rC:        It protects you from cold.
   rElec:     It insulates you from electricity.
   rPois:     It protects you from poison.
   Stlth:     It makes you more stealthy.
Armour
 l - a +1 pair of gloves (worn)
 u - a +0 cloak of fire resistance (worn)
 H - a +1 robe of cold resistance (worn)
 S - a +2 pair of boots (worn)
 T - the +2 hat "Kirejeasey" (worn) {SInv}
   (You found it in a volcano)

   SInv:      It lets you see invisible.
Magical Staves
 k - a staff of fire (weapon)
Jewellery
 e - a ring of positive energy
 m - a ring of protection from cold (left hand)
 p - a +5 ring of evasion (right hand)
 s - a ring of magical power
 E - a ring of flight
 J - a ring of protection from fire
 Z - an amulet of the acrobat (around neck)
Wands
 f - a wand of polymorph (14)
 v - a wand of roots (36)
 F - a wand of paralysis (29)
 O - a wand of flame (21)
 V - a wand of digging (7)
Scrolls
 h - 3 scrolls of magic mapping
 i - 4 scrolls of silence
 q - 2 scrolls of summoning
 r - 5 scrolls of fog
 t - 4 scrolls of enchant weapon
 y - 9 scrolls of teleportation
 B - 4 scrolls of fear
 G - 2 scrolls of poison
 I - 2 scrolls of enchant armour
 L - 3 scrolls of brand weapon
 P - a scroll of amnesia
 Y - a scroll of blinking
Potions
 c - 3 potions of attraction
 g - 6 potions of mutation
 j - 11 potions of brilliance
 o - 2 potions of ambrosia
 w - 10 potions of curing
 z - 5 potions of might
 A - 5 potions of cancellation
 C - 6 potions of haste
 D - 2 potions of invisibility
 Q - 3 potions of lignification
 R - 3 potions of flight
 U - a potion of resistance


   Skills:
 + Level 18.6 Dodging
 - Level 2.4 Stealth
 + Level 22.4 Spellcasting
 + Level 17.1 Conjurations
 + Level 17.3 Fire Magic
 - Level 5.0 Air Magic


You had 14 spell levels left.
You knew the following spells:

 Your Spells              Type           Power      Damage    Failure   Level
a - Foxfire               Conj/Fire      100%       2x1d9     0%          1
b - Scorch                Fire           100%       2d9       0%          2
c - Flame Wave            Conj/Fire      100%       2d21      0%          4
d - Stone Arrow           Conj/Erth      100%       3d13      1%          3
e - Starburst             Conj/Fire      57%        6d15      1%          6
f - Plasma Beam           Fire/Air       49%        2x1d69    1%          6
g - Irradiate             Conj/Tmut      35%        3d23      1%          5
h - Orb of Destruction    Conj           46%        9d12      1%          7
i - Blink                 Tloc           64%        N/A       1%          2
x - Iskenderun's Battles  Conj           93%        2d14      1%          5
z - Fireball              Conj/Fire      57%        3d22      1%          5

Your spell library contained the following spells:

 Spells                   Type           Power      Damage    Failure   Level
 Ozocubu's Refrigeration  Ice            16%        4d11      88%         7
 Kiss of Death            Conj/Necr      100%       2d13      1%          1
 Slow                     Hex            100%       N/A       1%          1
 Cigotuvi's Dreadful Rot  Necr/Pois/Air  84%        N/A       1%          2
 Lesser Beckoning         Tloc           64%        N/A       1%          2
 Momentum Strike          Conj/Tloc      100%       3d10      1%          2
 Dazzling Flash           Conj/Hex       100%       N/A       1%          3
 Inner Flame              Hex/Fire       90%        N/A       1%          3
 Vhi's Electric Charge    Tloc/Air       94%        N/A       1%          3
 Volatile Blastmotes      Fire/Tloc      100%       2d18      1%          3
 Iskenderun's Mystic Bla  Conj/Tloc      70%        2d14      1%          4
 Arcjolt                  Conj/Air       38%        1d48      1%          5
 Conjure Ball Lightning   Conj/Air       38%        3x3d12    1%          6
 Confusing Touch          Hex            32%        N/A       3%          3
 Tukima's Dance           Hex            32%        N/A       3%          3
 Vampiric Draining        Necr           32%        2d8       3%          3
 Yara's Violent Unravell  Hex/Tmut       16%        3d8       8%          5
 Animate Dead             Necr           32%        N/A       11%         4
 Dispel Undead            Necr           32%        3d14      11%         4
 Manifold Assault         Tloc           32%        N/A       11%         4
 Passage of Golubria      Tloc           32%        N/A       11%         4
 Death Channel            Necr           16%        N/A       85%         6
 Maxwell's Capacitive Co  Air            28%        ∞         88%         8
 Storm Form               Tmut/Air       23%        N/A       97%         7
 Borgnjor's Revivificati  Necr           16%        N/A       100%        8
 Necromutation            Tmut/Necr      16%        N/A       100%        8
 Death's Door             Necr           16%        N/A       100%        9


Dungeon Overview and Level Annotations

Branches:
Dungeon (15/15)            Temple (0/1) D:4            Lair (5/5) D:10
  Swamp (0/4) Lair:3       Spider (0/4) Lair:3        Slime (0/5) Lair:5
    Orc (2/2) D:9             Elf (3/3) Orc:2        Vaults (0/5) D:13
 Depths (0/4) D:15        Volcano (visited)

Altars:
Cheibriados
Dithmenos
Fedhas
Gozag
Kikubaaqudgha
Qazlal
Sif Muna
Trog
Uskayaw
Vehumet
Wu Jian
Xom
Yredelemnul
Zin
Jiyva

Shops:
D:5 :   D:9 :   D:10 (   Orc:1 :   Orc:2 [[([[!(   Elf:3 *

Portals:
Trove: D:14 (give 3 potions of resistance)

Annotations:
D:9 1 runed translucent door, KimchiStew's ghost, journeyman DECj
D:11 2 transporters, bmj180's ghost, journeyman MfIE
Elf:2 5 runed translucent doors


Innate Abilities, Weirdness & Mutations

Your flesh is heat resistant. (rF+)
A frigid envelope surrounds you and freezes all who hurt you.
You are weak. (Str -2)


Message History

Aiming: Orb of Destruction (dangerous; 1% risk of failure)
Press: ? - help, Shift-Dir - straight line, f - deep elf master archer
Aim: a deep elf master archer, wielding a +0 longbow and wearing a +0 leather armour Your battlesphere fires!
The barrage of energy hits the deep elf master archer!
The deep elf master archer is lightly wounded.
The deep elf master archer shoots an arrow.
The arrow completely misses you.
The deep elf master archer shoots an arrow.
The arrow closely misses you.
Your orb of destruction hits a rock wall.
Unknown command.
A deep elf sorcerer comes into view. It is wielding a +0 dagger.
The deep elf sorcerer gestures wildly while chanting.
The deep elf sorcerer seems to speed up.
What are your orders? t - Shout!
Orders for allies: a - Attack new target. p - Attack previous target. r - Retreat! s - Stop attacking. g - Guard the area. f - Follow me.
Anything else - Cancel.
Okay, then.
As you read the scroll of teleportation, it crumbles to dust.
You feel strangely unstable.
The deep elf master archer shoots an arrow.
The arrow hits you!
The deep elf master archer shoots an arrow.
The arrow misses you.
Casting: Orb of Destruction (dangerous; 1% risk of failure)
Confirm with . or Enter, or press ? or * to list all spells.
Okay, then.
Casting: Orb of Destruction (dangerous; 1% risk of failure)
Confirm with . or Enter, or press ? or * to list all spells.
You blink.
The deep elf master archer shoots an arrow.
The arrow hits you!
* * * LOW HITPOINT WARNING * * *
The deep elf master archer shoots an arrow.
The arrow hits you!!
You die...

.# +# .#
##.####.# ..#
##.....#.#
.#.###......#.##
.##.#..........#
........)....#
.###....).*.§?#
........).....#
. ##.).@..).#.#
.. #.#####e##.#
... ####. #e##e#
..e. ....
#....##.....
#####
####.......#
...# #.##....#
#..# #.# ...# #
#..# #.# ... #.
###..#######.#
..


You could see a deep elf master archer (ally target) and a friendly
battlesphere.

Vanquished Creatures
  Nikola (Elf:2)
  Rupert (Lair:3)
  A deep elf blademaster (Elf:3)
  2 tentacled starspawn (Abyss:2)
  Gastronok (Lair:2)
  Agnes (D:15)
  Louise (Elf:2)
  An orc warlord (Orc:2)
  A deep elf demonologist (Elf:3)
  Nessos (Lair:5)
  A deep elf death mage (Elf:1)
  An ettin (Orc:1)
  Josephine (D:11)
  2 fire dragons
  An ice dragon (D:15)
  Erolcha (D:11)
  A catoblepas (Lair:1)
  3 ogre magi
  A rakshasa (Abyss:2)
  5 boulder beetles
  10 hydras
  3 centaur warriors
  17 dancing weapons
  15 two-headed ogres
  3 death yaks
  2 thrashing horrors (Abyss:2)
  2 orc high priests
  3 wretched stars (Abyss:2)
  5 skeletal warriors (D:12)
  11 deep elf knights
  3 skysharks
  A sixfirhy (Abyss:2)
  6 large abominations
  Pikel (D:6)
  7 deep elf archers
  2 wizards (D:15)
  An orc knight (Orc:2)
  2 necromancers (Elf:1)
  5 cyclopes
  17 deep elf pyromancers
  2 ugly things
  4 manticores
  13 deep elf zephyrmancers
  A wolf spider (Lair:3)
  A smoke demon (Abyss:2)
  3 salamanders (Volcano)
  4 black mambas
  14 elephants (Lair:5)
  4 torpor snails (Lair:3)
  14 cane toads
  2 komodo dragons (shapeshifter)
  Maggie (D:6)
  A yaktaur (D:11)
  4 rime drakes
  2 ancient zymes (Abyss:2)
  19 komodo dragons
  4 trolls
  A meliai (shapeshifter) (Elf:1)
  6 polar bears
  A hellwing (Abyss:2)
  8 hornets
  3 tyrant leeches (Lair:3)
  5 raiju (Abyss:2)
  20 blink frogs
  17 dream sheep
  Prince Ribbit (D:7)
  A jumping spider (Lair:3)
  An air elemental (Elf:2)
  A flying skull (Abyss:2)
  3 shadows
  12 wyverns
  12 slime creatures
  8 wraiths
  A ynoxinul (Abyss:2)
  14 spriggans
  5 fire bats (Volcano)
  3 water elementals
  9 starcursed masses (Abyss:2)
  43 yaks
  3 fire elementals (Elf:2)
  7 steam dragons
  5 basilisks
  5 humans (D:10)
  2 redbacks (Lair:3)
  6 vampire mosquitoes
  2 small abominations (Abyss:2)
  Menkaure (D:6)
  A swamp worm (Lair:3)
  A neqoxec (Abyss:2)
  A naga (shapeshifter) (D:14)
  2 acid dragons
  Edmund (D:6)
  5 wargs
  17 water moccasins
  5 sky beasts
  8 black bears
  28 orc warriors
  An ice beast (D:7)
  29 wolves
  5 centaurs
  4 boggarts (Lair:5)
  17 ogres
  3 phantoms
  2 elf zombies (Elf:1)
  An earth elemental (Elf:2)
  8 bullfrogs
  2 scorpions (D:4)
  11 wights
  8 howler monkeys
  An electric eel (Lair:3)
  2 jellies (D:8)
  2 gnoll boudas
  16 orc priests
  2 hounds
  24 orc wizards
  Ijyb (D:5)
  Natasha (thrice) (D:2)
  4 iguanas
  2 hell rats (D:10)
  Terence (D:3)
  18 gnolls
  13 adders
  2 river rats (D:10)
  A shadow imp (D:7)
  3 white imps
  3 ufetubi
  2 worms
  5 dart slugs
  97 orcs
  2 bats
  8 endoplasms
  2 giant cockroaches
  5 goblins
  9 hobgoblins
  2 jackals (D:2)
  2 quokkas
  2 ball pythons
  8 frilled lizards
  7 kobolds
  4 rats
  A butterfly (Lair:5)
857 creatures vanquished.

Vanquished Creatures (collateral kills)
  2 foxfires
2 creatures vanquished.

Vanquished Creatures (others)
  A deep elf sorcerer (Elf:2)
  A deep elf knight (Elf:2)
  An air elemental (Elf:2)
  A steam dragon (Volcano)
  An orc (D:6)
  A butterfly (Lair:1)
  675 foxfires
  10 starspawn tentacles (Abyss:2)
691 creatures vanquished.

Grand Total: 1550 creatures vanquished

Notes
Turn   | Place    | Note
-------+----------+-------------------------------------------
     0 | D:1      | pk666 the Deep Elf Fire Elementalist began the quest for
                  | the Orb.
     0 | D:1      | Reached XP level 1. HP: 10/10 MP: 6/6
   521 | D:1      | Reached XP level 2. HP: 15/15 MP: 5/8
   524 | D:1      | Learned a level 2 spell: Scorch
  1159 | D:1      | Reached XP level 3. HP: 19/19 MP: 7/10
  1402 | D:2      | Identified the +0 hand axe "Kocug" {venom, rN+}
  1440 | D:2      | Noticed Natasha
  1444 | D:2      | Killed Natasha
  1451 | D:2      | Reached XP level 4. HP: 24/24 MP: 6/11
  1456 | D:2      | Learned a level 4 spell: Flame Wave
  1697 | D:2      | Noticed Natasha
  1704 | D:2      | Killed Natasha
  1705 | D:2      | Reached skill level 4 in Spellcasting
  1746 | D:2      | Found an ancient bone altar of Kikubaaqudgha.
  1997 | D:2      | Noticed Natasha
  2001 | D:2      | Killed Natasha
  2002 | D:2      | Reached XP level 5. HP: 19/28 MP: 7/13
  2181 | D:3      | Noticed Terence
  2554 | D:3      | Found a radiant altar of Vehumet.
  2577 | D:3      | Became a worshipper of Vehumet
  2753 | D:3      | Killed Terence
  3620 | D:4      | Reached skill level 5 in Spellcasting
  3620 | D:4      | Reached XP level 6. HP: 32/32 MP: 10/15
  3663 | D:4      | Reached skill level 5 in Fire Magic
  3863 | D:4      | Found a staircase to the Ecumenical Temple.
  4053 | D:4      | Reached * piety under Vehumet
  4053 | D:4      | Offered knowledge of Kiss of Death by Vehumet.
  4197 | D:4      | Found a shimmering blue altar of Sif Muna.
  4255 | D:4      | Reached skill level 5 in Dodging
  4255 | D:4      | Reached XP level 7. HP: 36/36 MP: 13/17
  4376 | D:5      | Entered Level 5 of the Dungeon
  4490 | D:5      | Reached skill level 6 in Spellcasting
  4894 | D:5      | Found Ypeficir's Vocational Training.
  4924 | D:5      | Found a glowing silver altar of Zin.
  5036 | D:5      | Reached skill level 5 in Conjurations
  5099 | D:5      | Reached XP level 8. HP: 41/41 MP: 16/20
  5152 | D:5      | Noticed Ijyb
  5171 | D:5      | Paralysed by Ijyb for 2 turns
  5176 | D:5      | Killed Ijyb
  5180 | D:5      | Reached skill level 7 in Spellcasting
  5458 | D:5      | Found an opulent altar of Gozag.
  5550 | D:5      | Found a shimmering altar of Xom.
  5656 | D:6      | Found a bloodstained altar of Trog.
  5668 | D:6      | Noticed Pikel
  5834 | D:6      | Offered knowledge of Freeze by Vehumet.
  5886 | D:6      | Killed Pikel
  5887 | D:6      | Reached skill level 8 in Spellcasting
  5887 | D:6      | Reached XP level 9. HP: 45/45 MP: 6/23
  6023 | D:6      | Noticed Maggie
  6034 | D:6      | Gained mutation: A frigid envelope surrounds you and
                  | freezes all who hurt you. [potion of mutation]
  6034 | D:6      | Gained mutation: You are partially covered in iridescent
                  | scales. (AC +2) [potion of mutation]
  6034 | D:6      | Gained mutation: Your flesh is heat resistant. (rF+)
                  | [potion of mutation]
  6037 | D:6      | HP: 2/45 [orc/+0 flail (2)]
  6038 | D:6      | Reached ** piety under Vehumet
  6043 | D:6      | Killed Maggie
  6248 | D:6      | Noticed Edmund
  6253 | D:6      | Noticed Menkaure
  6257 | D:6      | Killed Edmund
  6412 | D:6      | Killed Menkaure
  6413 | D:6      | Reached skill level 9 in Spellcasting
  6558 | D:6      | Identified the +4 hand axe of the Vase {freeze, rElec rPois
                  | rC+ Stlth+}
  6949 | D:7      | Found an ornate altar of the Wu Jian Council.
  7255 | D:7      | Noticed Prince Ribbit
  7258 | D:7      | Killed Prince Ribbit
  7345 | D:7      | Reached XP level 10. HP: 48/50 MP: 5/25
  7516 | D:7      | Found a stormy altar of Qazlal.
  7662 | D:7      | Reached skill level 10 in Spellcasting
  7914 | D:7      | Offered knowledge of Stone Arrow by Vehumet.
  7963 | D:7      | Identified the +7 rapier "Wikhutua" {protect, Str+3}
  8369 | D:8      | Found a snail-covered altar of Cheibriados.
  8375 | D:8      | Found a basalt altar of Yredelemnul.
  8419 | D:8      | Reached *** piety under Vehumet
  8490 | D:8      | Noticed a manticore
  8508 | D:8      | Learned a level 3 spell: Stone Arrow
  8515 | D:8      | Learned a level 6 spell: Starburst
  8518 | D:8      | Learned a level 2 spell: Blink
  8564 | D:8      | Killed a manticore
  8614 | D:8      | Found a shadowy altar of Dithmenos.
  8668 | D:8      | Found a hide-covered altar of Uskayaw.
  9071 | D:9      | Found Waikk's Book Shoppe.
  9249 | D:9      | Offered knowledge of Olgreb's Toxic Radiance by Vehumet.
  9377 | D:9      | Reached skill level 10 in Dodging
  9377 | D:9      | Reached skill level 11 in Spellcasting
  9590 | D:9      | Found a staircase to the Orcish Mines.
  9607 | D:9      | Found a runed translucent door.
  9607 | D:9      | Noticed KimchiStew's ghost (journeyman DECj)
  9636 | D:9      | Reached **** piety under Vehumet
  9739 | D:9      | Noticed a cyclops
  9747 | D:9      | Killed a cyclops
  9962 | D:9      | Reached XP level 11. HP: 54/54 MP: 22/28
  9966 | D:9      | Reached skill level 10 in Fire Magic
  9970 | D:9      | Offered knowledge of Airstrike by Vehumet.
 10325 | D:9      | Noticed a steelbarb worm
 10342 | Orc:1    | Entered Level 1 of the Orcish Mines
 10342 | Orc:1    | Found Dexir's Book Shop.
 10359 | Orc:1    | Noticed a two-headed ogre
 10374 | Orc:1    | Killed a two-headed ogre
 10404 | Orc:1    | Noticed an ettin
 10415 | Orc:1    | Killed an ettin
 10416 | Orc:1    | Reached skill level 12 in Spellcasting
 10755 | D:9      | a steelbarb worm changed into a merfolk
 10786 | D:10     | Entered Level 10 of the Dungeon
 10795 | D:10     | Reached skill level 10 in Conjurations
 10797 | D:10     | Noticed a death yak
 10800 | D:10     | Noticed a death yak
 10825 | D:9      | Noticed a shock serpent
 10897 | D:10     | Found an ancient bone altar of Kikubaaqudgha.
 10967 | D:10     | Found a blossoming altar of Fedhas.
 11172 | D:10     | Found a staircase to the Lair.
 11187 | D:10     | Noticed a death yak
 11199 | D:10     | Killed a death yak
 11227 | D:9      | Killed a death yak
 11340 | Orc:2    | Entered Level 2 of the Orcish Mines
 11349 | Orc:2    | Noticed a two-headed ogre
 11353 | Orc:2    | Noticed an ogre mage
 11363 | Orc:2    | Killed a two-headed ogre
 11365 | Orc:2    | Noticed a two-headed ogre
 11365 | Orc:2    | Noticed a two-headed ogre
 11365 | Orc:2    | Noticed a two-headed ogre
 11368 | Orc:2    | Noticed a two-headed ogre
 11441 | D:10     | Killed a death yak
 11599 | D:10     | Noticed a two-headed ogre
 11602 | D:10     | Killed a two-headed ogre
 11728 | D:10     | Found Baohem's Weapon Shoppe.
 11906 | D:10     | Reached skill level 13 in Spellcasting
 11974 | D:11     | Noticed a green ugly thing
 11976 | D:11     | Killed a green ugly thing
 11976 | D:11     | Reached ***** piety under Vehumet
 12085 | Orc:1    | Bought a book of Lightning for 476 gold pieces
 12092 | Orc:1    | Learned a level 6 spell: Plasma Beam
 12168 | D:11     | Noticed Erolcha
 12176 | D:11     | Noticed a green ugly thing
 12176 | D:11     | Noticed a tengu warrior
 12177 | D:11     | Noticed bmj180's ghost (journeyman MfIE)
 12180 | D:11     | Found a transporter.
 12194 | D:11     | Found a transporter.
 12276 | D:11     | Noticed a six-headed hydra
 12294 | D:11     | Killed a six-headed hydra
 12295 | D:11     | Reached skill level 1 in Air Magic
 12295 | D:11     | Reached XP level 12. HP: 59/59 MP: 14/31
 12435 | D:11     | Offered knowledge of Irradiate by Vehumet.
 12442 | D:11     | Learned a level 5 spell: Irradiate
 12942 | D:11     | Noticed Josephine
 12944 | D:11     | Killed Josephine
 13152 | Lair:1   | Entered Level 1 of the Lair of Beasts
 13156 | Lair:1   | Noticed a catoblepas
 13170 | Lair:1   | Killed a catoblepas
 13824 | Lair:1   | Identified the +3 chain mail "Guneicw" {rC++ Dex-4}
 13848 | Lair:1   | Noticed a boulder beetle
 13851 | Lair:1   | Killed a boulder beetle
 14396 | Lair:2   | Noticed a six-headed hydra
 14397 | Lair:2   | Reached skill level 5 in Air Magic
 14399 | Lair:2   | Killed a six-headed hydra
 14579 | Lair:2   | Reached skill level 14 in Spellcasting
 14724 | Lair:2   | Noticed Gastronok
 14803 | Lair:2   | Found a dark tunnel.
 14810 | Volcano  | Entered a volcano
 14815 | Volcano  | Noticed a two-headed ogre
 14888 | Volcano  | Killed a two-headed ogre
 15184 | Volcano  | Reached XP level 13. HP: 51/63 MP: 14/33
 15653 | Volcano  | Identified the +2 hat "Kirejeasey" {SInv}
 15756 | Volcano  | Noticed a fire dragon
 15764 | Volcano  | Killed a fire dragon
 16082 | Lair:2   | Killed Gastronok
 16589 | Lair:3   | Found a staircase to the Swamp.
 16698 | Lair:3   | Reached skill level 15 in Spellcasting
 17333 | Lair:3   | Offered knowledge of Fireball by Vehumet.
 17340 | Lair:3   | Learned a level 5 spell: Fireball
 17467 | Lair:3   | Found a hole to the Spider Nest.
 17715 | Lair:3   | Noticed Rupert
 17722 | Lair:3   | Killed Rupert
 21066 | Lair:3   | Reached XP level 14. HP: 68/68 MP: 28/35
 21070 | Lair:3   | Gained mutation: You are dopey. (Int -2) [mutagenic glow]
 21298 | Lair:3   | Reached skill level 16 in Spellcasting
 21896 | Lair:4   | Offered knowledge of Lee's Rapid Deconstruction by Vehumet.
 22788 | Lair:5   | Entered Level 5 of the Lair of Beasts
 22790 | Lair:5   | Reached skill level 15 in Dodging
 22797 | Lair:5   | Noticed Nessos
 22800 | Lair:5   | Killed Nessos
 24039 | Lair:5   | Reached skill level 17 in Spellcasting
 24370 | Lair:5   | Learned a level 7 spell: Orb of Destruction
 25196 | Lair:5   | Paralysed by a hornet for 2 turns
 25509 | Lair:5   | Reached XP level 15. HP: 72/72 MP: 21/38
 25628 | Lair:5   | Found a staircase to the Slime Pits.
 25629 | Lair:5   | Found a viscous altar of Jiyva.
 26235 | Lair:5   | Offered knowledge of Freezing Cloud by Vehumet.
 26280 | Lair:5   | Reached skill level 15 in Fire Magic
 27021 | Orc:2    | Found Payb's Distillery.
 27625 | Orc:2    | Found Peoqil's Antique Weapon Boutique.
 28023 | Orc:2    | Found Wyeniuc's Antique Armour Emporium.
 28031 | Orc:2    | Bought a shiny orb for 276 gold pieces
 28610 | Orc:2    | Found Narhokim's Armour Emporium.
 29227 | Orc:2    | Reached skill level 18 in Spellcasting
 29379 | Orc:2    | Found Wilog's Armour Shop.
 29433 | Orc:2    | Found a staircase to the Elven Halls.
 29807 | Orc:2    | Reached skill level 15 in Conjurations
 30013 | Orc:2    | Found Royzen's Antique Weapon Emporium.
 30018 | Orc:2    | Found Xicigago's Antique Armour Shoppe.
 30215 | D:11     | Killed Erolcha
 30430 | D:12     | Offered knowledge of Eringya's Noxious Bog by Vehumet.
 31669 | D:13     | Found a gate to the Vaults.
 32118 | D:13     | Reached skill level 19 in Spellcasting
 33786 | D:14     | Found the +5 robe of Night {Dark Will+ SInv}
 33866 | D:14     | Found a portal to a secret trove of treasure.
 34422 | D:15     | Entered Level 15 of the Dungeon
 35578 | D:15     | Noticed Agnes
 35581 | D:15     | Killed Agnes
 36371 | D:15     | Found a staircase to the Depths.
 36761 | Elf:1    | Entered Level 1 of the Elven Halls
 36776 | Elf:1    | Reached XP level 16. HP: 76/76 MP: 34/41
 36912 | Elf:1    | Learned a level 5 spell: Iskenderun's Battlesphere
 36927 | Elf:1    | Reached skill level 20 in Spellcasting
 37512 | Elf:1    | Identified a scroll of acquirement
 37513 | Elf:1    | Acquired the +9 staff of Olgreb {rPois∞}
 37513 | Elf:1    | Found the +9 staff of Olgreb {rPois∞}
 38779 | Elf:1    | Offered knowledge of Ozocubu's Refrigeration by Vehumet.
 38876 | Elf:1    | Got the Treatise on the Undead
 38943 | Elf:2    | Reached skill level 21 in Spellcasting
 38966 | Elf:2    | Noticed Louise
 39101 | Abyss:2  | Cast into level 2 of the Abyss (Louise)
 39142 | Abyss:2  | Found a radiant altar of Vehumet.
 39427 | Abyss:2  | Found a corrupted altar of Lugonu.
 39431 | Abyss:2  | Found a corrupted altar of Lugonu.
 39453 | Abyss:2  | Noticed a tentacled starspawn
 39454 | Abyss:2  | Noticed a bone dragon
 39455 | Abyss:2  | Found a corrupted altar of Lugonu.
 39455 | Abyss:2  | Found a corrupted altar of Lugonu.
 39455 | Abyss:2  | Found a corrupted altar of Lugonu.
 39455 | Abyss:2  | Found a corrupted altar of Lugonu.
 39461 | Abyss:2  | Killed a tentacled starspawn
 39473 | Abyss:2  | Gained mutation: You are weak. (Str -2) [a neqoxec]
 39568 | Abyss:2  | Found a corrupted altar of Lugonu.
 39588 | Abyss:2  | Found a corrupted altar of Lugonu.
 39589 | Abyss:2  | Found a corrupted altar of Lugonu.
 39589 | Abyss:2  | Found a corrupted altar of Lugonu.
 39610 | Abyss:2  | Noticed a tentacled starspawn
 39678 | Abyss:2  | Found a corrupted altar of Lugonu.
 39827 | Abyss:2  | Noticed a tentacled starspawn
 39863 | Abyss:2  | Killed a tentacled starspawn
 39868 | Elf:2    | Escaped the Abyss
 39872 | Elf:1    | Gained mutation: You are very dopey. (Int -4) [mutagenic
                  | glow]
 40105 | Elf:1    | Lost mutation: You are partially covered in iridescent
                  | scales. (AC +2) [potion of mutation]
 40105 | Elf:1    | Lost mutation: You are very dopey. (Int -4) [potion of
                  | mutation]
 40105 | Elf:1    | Lost mutation: You are dopey. (Int -2) [potion of mutation]
 40576 | Elf:2    | Paralysed by an air elemental for 1 turns
 40947 | Elf:2    | Killed Louise
 41304 | Elf:2    | Noticed Nikola
 41317 | Elf:2    | Killed Nikola
 41318 | Elf:2    | Reached skill level 22 in Spellcasting
 41706 | Elf:2    | Found a huge runed translucent gate.
 41706 | Elf:2    | Found a huge runed translucent gate.
 41707 | Elf:2    | Found a huge runed translucent gate.
 41712 | Elf:2    | Reached XP level 17. HP: 80/80 MP: 29/45
 41794 | Elf:2    | Found a huge runed translucent gate.
 41796 | Elf:2    | Found a huge runed translucent gate.
 42078 | Elf:3    | Entered Level 3 of the Elven Halls
 42078 | Elf:3    | Found Digeahem's Assorted Antiques.
 42114 | Elf:3    | Noticed a deep elf blademaster
 42122 | Elf:3    | Noticed a Brimstone Fiend
 42124 | Elf:3    | Killed a deep elf blademaster
 42181 | Elf:3    | Noticed a deep elf master archer
 42189 | Elf:3    | Shot with an arrow by a deep elf master archer

Illustrated notes

Levels and vault maps discovered:
D:1:      dpeg_arrival_pits, layout_basic, chequers_serial_rivers_micro_b
D:2:      layout_loops_ring, basic_altar, uniq_natasha
D:3:      layout_loops_corners, vehumet_crystals, uniq_terence
D:4:      layout_basic, old_standard_altar, minmay_temple_entry_mist
D:5:      layout_basic, kennysheep_mini_moat, lemuel_crystal_altar,
          mainiacjoe_overflow_surrounded_room, nicolae_shop_vocational,
          uniq_ijyb
D:6:      layout_cave_pools, trog_ov_bears_minmay, dk_noncrumbling_3,
          uniq_edmund, uniq_menkaure, uniq_maggie, uniq_pikel
D:7:      layout_cave_pods, grunt_qazlal_sundering, lemuel_round_altar,
          hangedman_misty_isle, uniq_prince_ribbit1
D:8:      layout_rooms, mainiacjoe_overflow_24_doors,
          mainiacjoe_overflow_chevrons, mainiacjoe_overflow_catwalk_spiral,
          hangedman_abyss_or_decor_stagger
D:9:      layout_roguey, david_orc_5, serial_shops, nicolae_book_shop_shelving,
          ebering_ghost_inner_flame, minmay_circle_x
D:10:     layout_irregular_city, nicolae_overflow_crystal_walls, fedhas_altar_2,
          dpeg_lair_monsters, serial_shops, shop, minivault_24,
          grunt_decor_resistance, minmay_ruffians
D:11:     layout_cave_pools, gammafunk_ghost_arena, uniq_josephine, uniq_erolcha
D:12:     layout_basic
D:13:     layout_loops_ring, erik_vaults_1
D:14:     layout_roguey, trove_entry_hex_spiral, minivault_19
D:15:     grunt_enter_depths_hoard, layout_loops_corners,
          minmay_misc_feat_columns, uniq_agnes
Lair:1:   layout_regular_city, lemuel_fruit_fields
Lair:2:   layout_gridlike, enter_volcano_4, uniq_gastronok
Lair:3:   nzn_winding_woodlands_large [nzn_winding_woodlands_5x5_default,
          nzn_winding_woodlands_5x15_split_checker,
          nzn_winding_woodlands_hourglass,
          nzn_winding_woodlands_center_triple_pond,
          nzn_winding_woodlands_15x15_killbox,
          nzn_winding_woodlands_center_lodge,
          nzn_winding_woodlands_5x5_checkerboard,
          nzn_winding_woodlands_5x15_cabin, nzn_winding_woodlands_5x5_default],
          layout_hall_layers, minmay_swamp_entry_worms, spider_nest_entry_a,
          pdpol_lair_cavern_descent, uniq_rupert
Lair:4:   layout_misc_corridors, wad_woods_03
Lair:5:   minmay_lair_end_enchanted_forest, layout_hall_layers, slime_entry_1,
          infiniplex_staircase_pool, grunt_megastairs_4, lemuel_fruit_fields,
          serial_bayou_shore_a, lemuel_fruit_tree, uniq_nessos
Orc:1:    layout_caves, serial_shops, shop
Orc:2:    grunt_orc_community_town_hall, layout_diamond_mine,
          grunt_orc_community_big_house_1, grunt_orc_community_big_house_1,
          grunt_orc_community_house_3, grunt_orc_community_house_2,
          grunt_orc_community_house_1, grunt_orc_community_house_3,
          grunt_orc_community_house_2, serial_shops, shop,
          nicolae_shop_tiny_glass, nicolae_shop_real_fake_doors
Elf:1:    eino_elf_arrival_customs, layout_geoelf_diagonals,
          minmay_elf_necromancy
Elf:2:    elven_hall_of_blades_hangedman_alternative
          [nicolae_blade_entry_crossed_weapons], layout_loops_ring, uniq_nikola,
          uniq_louise
Elf:3:    grunt_elf_hall_spiral, layout_loops_corners, serial_shops,
          nicolae_shop_hallway_stairs

Skill      XL: |  1  2  3  4  5  6  7  8  9 10 11 12 13 14 15 16 17 |
---------------+----------------------------------------------------+-----
Dodging        | 3 4 5 6 7 9 10 12 13 14 15 17 18 | 18.6
Conjurations   | 2 3 4 5 6 7 9 10 11 13 14 15 16 17 | 17.1
Fire Magic     | 4 5 6 7 8 9 11 12 13 14 16 17 | 17.3
Spellcasting   | 4 5 6 8 9 11 13 14 15 17 19 22 | 22.4
Air Magic      | 1 5 |  5.0
Stealth        | |  2.4

Action                     |  1- 3 |  4- 6 |  7- 9 | 10-12 | 13-15 | 16-18 || total
---------------------------+-------+-------+-------+-------+-------+-------++-------
  Melee: Staff             |       |       |       |       |     4 |       ||     4
   Cast: Foxfire           |    66 |    94 |    91 |   144 |    17 |       ||   412
         Scorch            |       |    27 |    79 |   107 |     4 |       ||   217
         Flame Wave        |       |       |     6 |    13 |     1 |     1 ||    21
         Stone Arrow       |       |       |       |    17 |       |     3 ||    20
         Starburst         |       |       |       |    75 |   147 |    18 ||   240
         Blink             |       |       |       |     1 |     1 |     2 ||     4
         Plasma Beam       |       |       |       |    17 |   258 |    86 ||   361
         Irradiate         |       |       |       |     3 |    33 |    21 ||    57
         Fireball          |       |       |       |       |    27 |       ||    27
         Orb of Destructio |       |       |       |       |    55 |    44 ||    99
         Iskenderun's Batt |       |       |       |       |       |    61 ||    61
    Use: Scroll            |       |       |    10 |     1 |    10 |    10 ||    31
         Potion            |       |       |     7 |     4 |     1 |     8 ||    20
 Armour: Robe              |       |     2 |     8 |    12 |    19 |    15 ||    56
  Dodge: Dodged            |    10 |    13 |    53 |    71 |   128 |   195 ||   470

Table legend: (Time is in decaauts)
 A = Elapsed time spent in this place.
 B = Non-inter-level travel time spent in this place.
 C = Inter-level travel time spent in this place.
 D = Time resting spent in this place.
 E = Time spent auto-exploring this place.
 F = Levels seen in this place.
 G = Mean time per level.
                   A        B        C        D        E       F      G
               +--------+--------+--------+--------+--------+-----+--------+
         Total |  42282 |  40293 |   1989 |  18396 |  12824 |  27 | 1566.0 |
       Dungeon |  19312 |  18110 |   1202 |   5285 |   9347 |  15 | 1287.5 |
          Lair |  12715 |  12161 |    554 |   7377 |   2477 |   5 | 2543.0 |
  Orcish Mines |   3657 |   3512 |    145 |   2153 |    624 |   2 | 1828.5 |
   Elven Halls |   4696 |   4609 |     87 |   2685 |    317 |   3 | 1565.3 |
         Abyss |    751 |    751 |      0 |    119 |      0 |   1 |  751.0 |
       Volcano |   1148 |   1148 |      0 |    777 |     58 |   1 | 1148.0 |
               +--------+--------+--------+--------+--------+-----+--------+

Top non-repeatable levels by time:
  Lair:3: 4813 daAuts
   Elf:1: 3057 daAuts
  Lair:4: 2956 daAuts
   Orc:2: 2727 daAuts
  Lair:5: 2495 daAuts
    D:15: 2097 daAuts
    D:14: 1802 daAuts
     D:9: 1783 daAuts
    D:11: 1610 daAuts
   Elf:2: 1528 daAuts
     D:5: 1420 daAuts
     D:7: 1414 daAuts
     D:3: 1402 daAuts
  Lair:1: 1391 daAuts
     D:1: 1177 daAuts
